 Dungeon Crawl Stone Soup version 0.30-a0-358-g0d69a1922f (webtiles) character file.

Game seed: 14382472613644676199

9 mopl the Sneak (level 2, -3/27 HPs)
             Began as a Hill Orc Delver on Nov 9, 2022.
             Was an Initiate of Beogh.
             Slain by a worm (8 damage)
             ... on level 5 of the Dungeon.
             The game lasted 00:01:31 (278 turns).

mopl the Sneak (Hill Orc Delver)                     Turns: 278, Time: 00:01:32

Health: -3/27      AC:  3    Str: 14    XL:     2   Next: 12%
Magic:  2/2        EV: 11    Int: 10    God:    Beogh [......]
Gold:   29         SH:  0    Dex: 12    Spells: 1/1 levels left

rFire   . . .      SeeInvis .    a - +0 hand axe
rCold   . . .      Faith    .    (no shield)
rNeg    . . .      Spirit   .    b - +0 leather armour
rPois   .          Reflect  .    (no helmet)
rElec   .          Harm     .    (no cloak)
rCorr   .          Rampage  .    (no gloves)
Will    .....                    (no boots)
Stlth   ++........               (no amulet)
HPRegen 0.24/turn                (no ring)
MPRegen 0.08/turn                (no ring)

@: brilliant, hasted, very quick
A: no striking features
a: Renounce Religion


You were on level 5 of the Dungeon.
You worshipped Beogh.
Beogh was noncommittal.
You visited 1 branch of the dungeon, and saw 2 of its levels.

You collected 29 gold pieces.

Inventory:

Hand Weapons
 a - a +0 hand axe (weapon)
Armour
 b - a +0 leather armour (worn)
Wands
 g - a wand of digging (3)
Scrolls
 c - a scroll of fog
 d - a scroll of magic mapping


   Skills:
 + Level 3.7 Fighting
 * Level 3.1 Axes
 + Level 0.5 Armour
 + Level 1.6 Dodging
 - Level 4.1 Stealth
 + Level 0.3 Invocations
 + Level 0.3 Evocations


You had one spell level left.
You didn't know any spells.
Your spell library was empty.

Dungeon Overview and Level Annotations

Branches:
Dungeon (5/15)
 Temple: D:4-7

Altars:
Okawaru
Uskayaw

Shops:
D:4 ?


Message History

You assume a fearsome visage.
The orc looks frightened! x3
The orc priest looks frightened!
The orc looks frightened! x2
The worm looks frightened!
The ogre looks frightened!
The howler monkey looks frightened!
Cornered, the howler monkey turns to fight!
You see here a +0 ring mail.
The orc shouts!
The howler monkey hoots and howls with incredible vigour!
The worm seems to regain its courage.
An orc comes into view. It is wielding a +0 falchion.
The ogre seems to regain its courage.
An orc comes into view. It is wielding a +0 short sword.
It was a potion of brilliance.
You feel clever all of a sudden. The worm closely misses you.
It was a potion of heal wounds.
You feel much better.
The orc says, "How could Beogh possibly choose you?"
The worm misses you.
You feel yourself speed up.
The ogre hits you with a +0 giant club!!
Ouch! That really hurt!
* * * LOW HITPOINT WARNING * * *
An orc comes into view.
It is wielding a +0 dagger of venom and quivering boomerangs of dispersal.
Unknown command.
You slash the ogre!
The ogre is moderately wounded.
You hit the worm.
The howler monkey hoots and howls with incredible vigour!
The worm bites you.
* * * LOW HITPOINT WARNING * * *
You hear a shout! x2
You hit the ogre.
The ogre is heavily wounded.
You hit the worm. The ogre barely misses you.
An orc comes into view. It is wielding a +0 dagger.
Unknown command.
You hit the ogre.
The ogre is heavily wounded.
You hit the worm. The worm bites you!
You die...

#..............#
#.....[....o...#
##............##
##..........##
#####.#$...#
#o####... #h# #o
#O# #@# #w# #o#
#.# #o. ... .#.
o .#


You could see an ogre, a worm, a howler monkey and 4 orcs.

Vanquished Creatures
  A dart slug (D:4)
  3 orcs
4 creatures vanquished.

Notes
Turn   | Place    | Note
-------+----------+-------------------------------------------
     0 | D:5      | mopl the Hill Orc Delver began the quest for the Orb.
     0 | D:5      | Reached XP level 1. HP: 19/19 MP: 1/1
    47 | D:5      | Noticed an orc priest
    60 | D:5      | Became a worshipper of Beogh the Brigand
   133 | D:4      | Found Xobuil's Magic Scroll Boutique.
   134 | D:4      | Noticed a necrophage
   203 | D:4      | Noticed a jelly
   215 | D:4      | Reached skill level 3 in Axes
   215 | D:4      | Reached XP level 2. HP: 27/27 MP: 2/2
   237 | D:4      | Noticed a phantom
   258 | D:5      | Noticed an ogre
   258 | D:5      | Noticed a howler monkey
   278 | D:5      | Slain by a worm

Illustrated notes

Levels and vault maps discovered:
D:4:      layout_basic, kennysheep_mini_moat, temple_hall_moat, serial_shops,
          nicolae_shop_stone
D:5:      layout_rooms, mainiacjoe_overflow_catwalk_spiral

Skill      XL: |  1 |
---------------+----+-----
Axes           | 3 |  3.1
Fighting       | |  3.7
Armour         | |  0.5
Dodging        | |  1.6
Stealth        | |  4.1
Invocations    | |  0.3
Evocations     | |  0.3

Action                   || total
-------------------------++-------
Melee: Hand axe          ||    25
Invok: Convert to Beogh  ||     1
  Use: Potion            ||     3
       Scroll            ||     2
Armor: Leather armour    ||     1
Dodge: Dodged            ||    21

Table legend: (Time is in decaauts)
 A = Elapsed time spent in this place.
 B = Non-inter-level travel time spent in this place.
 C = Inter-level travel time spent in this place.
 D = Time resting spent in this place.
 E = Time spent auto-exploring this place.
 F = Levels seen in this place.
 G = Mean time per level.
                   A        B        C        D        E       F      G
               +--------+--------+--------+--------+--------+-----+--------+
         Total |    280 |    280 |      0 |     19 |     74 |   2 |  140.0 |
       Dungeon |    280 |    280 |      0 |     19 |     74 |   2 |  140.0 |
               +--------+--------+--------+--------+--------+-----+--------+

Top non-repeatable levels by time:
     D:5: 147 daAuts
     D:4: 133 daAuts
